 Dungeon Crawl Stone Soup version 0.29.1-2-gbd0b4ee654 (webtiles) character file.

Game seed: 943234006798082976

3562 H0rd4k the Stinger (level 10, 0/63 HPs)
             Began as an Octopode Artificer on Nov 15, 2022.
             Was an Initiate of Gozag.
             Slain by a yak (8 damage)
             ... on level 9 of the Dungeon on Nov 16, 2022.
             The game lasted 00:21:36 (14317 turns).

H0rd4k the Stinger (Octopode Artificer)            Turns: 14317, Time: 00:21:37

Health: 0/63       AC:  1    Str: 11    XL:     10   Next: 9%
Magic:  21/21      EV: 13    Int: 18    God:    Gozag
Gold:   881        SH:  0    Dex: 13    Spells: 9/24 levels left

rFire   x . .      SeeInvis +   A - +2 mace of Hosuov {holy, rC+}
rCold   + + .      Faith    .   (no shield)
rNeg    . . .      Spirit   .   (helmet restricted)
rPois   .          Reflect  .   (no amulet)
rElec   .          Harm     .   x - ring of resist corrosion
rCorr   +          Rampage  .   B - ring of see invisible
Will    .....                   E - ring of wizardry
Stlth   +++.......              H - ring of ice
HPRegen 0.20/turn               (no ring)
MPRegen 0.17/turn               (no ring)
                                (no ring)
                                (no ring)

@: about to teleport
A: almost no armour, amphibious, 8 rings, camouflage 1, gelatinous body 1,
(nimble swimmer 1), tentacles
a: Renounce Religion, Potion Petition, Call Merchant, Bribe Branch


You were on level 9 of the Dungeon.
You worshipped Gozag.
Gozag was pleased with you.
You visited 2 branches of the dungeon, and saw 10 of its levels.

You collected 931 gold pieces.
You paid 50 gold pieces to Gozag.

Inventory:

Hand Weapons
 A - the +2 mace of Hosuov (weapon) {holy, rC+}
   (You found it on level 6 of the Dungeon)

   It has been blessed by the Shining One to cause great damage to the undead
   and demons.
   rC:        It protects you from cold.
 F - a +4 short sword
Missiles
 z - 14 poisoned darts (quivered)
 L - 6 curare-tipped darts
Magical Staves
 i - a staff of death
 u - a staff of cold
 y - a staff of air
Jewellery
 x - a ring of resist corrosion (left tentacle)
 B - a ring of see invisible (right tentacle)
 E - a ring of wizardry (on tentacle)
 H - a ring of ice (on tentacle)
Wands
 b - a wand of flame (59)
 c - a wand of charming (11)
 d - a wand of iceblast (3)
 q - a wand of paralysis (12)
 C - a wand of digging (6)
Scrolls
 a - 10 scrolls of identify
 e - 2 scrolls of silence {unknown}
 f - 3 scrolls of teleportation
 k - 2 scrolls of amnesia {unknown}
 l - 2 scrolls of enchant weapon {unknown}
 n - a scroll of poison {unknown}
 o - 3 scrolls of enchant armour {unknown}
 p - a scroll of blinking {unknown}
 r - 2 scrolls of fear {unknown}
 w - 2 scrolls of magic mapping {unknown}
 D - a scroll of vulnerability {unknown}
 K - 2 scrolls of brand weapon {unknown}
Potions
 g - a potion of might {unknown}
 h - 3 potions of mutation {unknown}
 j - 2 potions of attraction {unknown}
 m - 6 potions of curing {unknown}
 s - a potion of ambrosia {unknown}
 t - 4 potions of lignification {unknown}
 v - a potion of heal wounds {unknown}
 G - 2 potions of brilliance {unknown}
 I - a potion of magic {unknown}
 J - a potion of haste {unknown}


   Skills:
 + Level 3.4 Fighting
 + Level 0.2 Staves
 + Level 2.0 Throwing
 - Level 2.3 Dodging
 - Level 1.3 Stealth
 + Level 4.3 Unarmed Combat
 * Level 7.6 Spellcasting
 * Level 2.1 Summonings
 + Level 2.2 Translocations
 * Level 2.0 Ice Magic
 + Level 5.1 Air Magic
 + Level 7.7 Poison Magic
 - Level 3.2 Evocations


You had 9 spell levels left.
You knew the following spells:

 Your Spells              Type           Power      Damage    Failure   Level
a - Poisonous Vapours     Pois/Air       60%        N/A       1%          2
b - Gell's Gravitas       Tloc           14%        N/A       4%          3
c - Teleport Other        Tloc           14%        N/A       4%          3
d - Frozen Ramparts       Ice            42%        1d7       5%          3
e - Summon Ice Beast      Ice/Summ       21%        N/A       17%         4

Your spell library contained the following spells:

 Spells                   Type           Power      Damage    Failure   Level
 Apportation              Tloc           28%        N/A       1%          1
 Sting                    Tmut/Pois      80%        1d7       1%          1
 Swiftness                Air            25%        N/A       1%          3
 Olgreb's Toxic Radiance  Pois           34%        N/A       1%          4
 Magic Dart               Conj           24%        1d4       4%          1
 Ensorcelled Hibernation  Hex/Ice        30%        N/A       4%          2
 Passwall                 Tmut/Erth      5%         N/A       6%          2
 Searing Ray              Conj           12%        2d4       6%          2
 Inner Flame              Hex/Fire       6%         N/A       12%         3
 Passage of Golubria      Tloc           14%        N/A       16%         4
 Alistair's Intoxication  Tmut/Pois      13%        N/A       22%         5
 Ice Form                 Ice/Tmut       15%        N/A       26%         4
 Silence                  Hex/Air        8%         N/A       36%         5
 Cause Fear               Hex            3%         N/A       38%         4
 Fulminant Prism          Conj/Hex       3%         3d6       38%         4
 Borgnjor's Vile Clutch   Necr/Erth      3%         N/A       71%         5
 Dispersal                Tloc           7%         N/A       91%         6
 Death Channel            Necr           3%         N/A       99%         6
 Malign Gateway           Summ/Tloc      7%         N/A       100%        7
 Discord                  Hex            3%         N/A       100%        8
 Lehudib's Crystal Spear  Conj/Erth      3%         10d2      100%        8
 Summon Horrible Things   Summ           7%         N/A       100%        8
 Animate Dead             Necr           Unusable   N/A       N/A         4

Dungeon Overview and Level Annotations

Branches:
Dungeon (9/15)             Temple (1/1) D:4             Orc (0/2) D:9
   Lair: D:8-11

Altars:
Ashenzari
Dithmenos
Elyvilon
Fedhas
Gozag
Kikubaaqudgha
Makhleb
Okawaru
Qazlal
Ru
Sif Muna
Trog
Uskayaw
Vehumet
Wu Jian
Xom
Zin
The Shining One

Shops:
D:3 [   D:8 [

Annotations:
D:4 exclusion: wyvern
D:5 exclusion: upstairs
D:6 1 runed translucent door, exclusions: door, downstairs and upstairs, Crazy Yiuf, Dowan, Grinder
D:7 exclusions: downstairs and water moccasin


Innate Abilities, Weirdness & Mutations

You cannot wear most types of armour.
You are amphibious.
You can wear up to eight rings at the same time.
Your skin changes colour to match your surroundings (Stealth+).
Your rubbery body absorbs attacks. (AC +1, EV +1)
((You are camouflaged when in or above water. (Stealth+)))
You have tentacles for arms and can constrict up to eight enemies at once.


Message History

The phantom is almost destroyed.
The phantom closely misses you. x2
You closely miss the phantom. Your squeeze misses the phantom.
The phantom is almost destroyed.
The phantom hits you.
The phantom blinks!
You blink.
You barely miss the phantom. Your squeeze misses the phantom.
The phantom is almost destroyed.
The phantom hits you!
The phantom blinks!
You blink.
The goblin zombie closely misses you. The phantom hits you.
The phantom blinks!
You blink.
An orc zombie and 5 yaks come into view.
The yak moves out of view.
You closely miss the phantom.
The phantom is severely damaged.
The yak bellows! x2; You hear a bellow!
The yak bellows!
An ogre zombie comes into view.
An orc zombie comes into view.
A yak comes into view.
The phantom closely misses you.
The yak is distracted by your dazzling golden aura.
An orc zombie comes into view.
The yak bellows!
You closely miss the phantom.
The phantom is severely damaged.
The phantom hits you.
The phantom blinks!
You blink. 2 ogre zombies come into view.
Found a staircase to the Orcish Mines.
The orc zombie hits you.
* * * LOW HITPOINT WARNING * * *
Unknown command.
As you read the scroll of teleportation, it crumbles to dust.
You feel strangely unstable. The phantom closely misses you.
The phantom attacks as you move away! The phantom hits you.
* * * LOW HITPOINT WARNING * * *
A goblin zombie comes into view.
The ogre zombie misses you. The phantom attacks as you move away!
The phantom hits you.
* * * LOW HITPOINT WARNING * * *
The yak is no longer distracted by gold.
The yak gores you!
You die...
Your body crumbles into a pile of gold.

#.#§##.#.# ###
#.#$#..# .#. ..
#.Z.#..# ..#.#
#§...$# .#.c
###.#.#####Y.##
#..##.##.YZY..##
#.Z#....Z#YZZ...
##Z##.#.#Z.##Y#
# #.# .##.YW@#
#.. ##.Z.###
#.........>...#
###.###..#..#.#
...###.. # #..##
... .#. .#.. .
#.... ###.#


You could see 4 yaks, a phantom, a centaur (wandering), a goblin zombie, 2 orc
zombies and 2 ogre zombies.

Vanquished Creatures
  2 wyverns
  10 yaks
  A water moccasin (D:8)
  An orc warrior (D:8)
  2 black bears
  A centaur (D:7)
  2 bullfrogs (D:8)
  A necrophage (D:5)
  5 wights
  6 killer bees
  3 howler monkeys
  2 hounds (D:5)
  3 jellies
  An orc wizard (D:8)
  An ogre zombie (D:9)
  7 adders
  A shadow imp (D:6)
  2 white imps
  2 ufetubi
  2 worms (D:5)
  2 dart slugs
  11 orcs
  7 endoplasms
  2 giant cockroaches
  14 goblins
  5 hobgoblins
  4 jackals
  9 kobolds
  7 quokkas
  9 ball pythons
  2 bats
  A frilled lizard (D:1)
  A goblin skeleton (D:9)
  A goblin zombie (D:9)
  A hobgoblin zombie (D:9)
  3 orc zombies (D:9)
  6 rats
140 creatures vanquished.

Vanquished Creatures (collateral kills)
  A wyvern (D:7)
1 creature vanquished.

Vanquished Creatures (others)
  5 plants
5 creatures vanquished.

Grand Total: 146 creatures vanquished

Notes
Turn   | Place    | Note
-------+----------+-------------------------------------------
     0 | D:1      | H0rd4k the Octopode Artificer began the quest for the Orb.
     0 | D:1      | Reached XP level 1. HP: 13/13 MP: 1/1
   485 | D:1      | Reached XP level 2. HP: 12/19 MP: 2/2
   740 | D:1      | Reached skill level 1 in Spellcasting
  1472 | D:2      | Reached XP level 3. HP: 20/24 MP: 4/4
  1756 | D:2      | Reached skill level 1 in Unarmed Combat
  2086 | D:2      | Found a faded altar of an unknown god.
  2738 | D:3      | Found a radiant altar of Vehumet.
  2814 | D:3      | Reached XP level 4. HP: 26/30 MP: 6/6
  3029 | D:3      | Found a glowing silver altar of Zin.
  3029 | D:3      | Noticed an angel
  3346 | D:3      | Found Mudusug's Armour Shop.
  3813 | D:3      | Learned a level 2 spell: Poisonous Vapours
  4130 | D:4      | Found a staircase to the Ecumenical Temple.
  4140 | Temple   | Entered the Ecumenical Temple
  4365 | D:4      | Found an opulent altar of Gozag.
  4428 | D:4      | Became a worshipper of Gozag Ym Sagoz the Greedy
  4598 | D:4      | Reached skill level 1 in Poison Magic
  4598 | D:4      | Reached XP level 5. HP: 35/35 MP: 7/7
  4996 | D:4      | Noticed a wyvern
  5101 | D:4      | Found an ancient bone altar of Kikubaaqudgha.
  5183 | D:4      | Noticed a black bear
  5218 | D:5      | Entered Level 5 of the Dungeon
  5538 | D:5      | Found a blossoming altar of Fedhas.
  5549 | D:5      | Noticed a black bear
  5562 | D:5      | Noticed a yak
  5563 | D:5      | Noticed a yak
  5563 | D:5      | Noticed a yak
  5563 | D:5      | Noticed a yak
  5563 | D:5      | Noticed a yak
  5565 | D:5      | Noticed a yak
  5607 | D:5      | Killed a black bear
  5608 | D:5      | Reached skill level 1 in Throwing
  5608 | D:5      | Reached XP level 6. HP: 26/41 MP: 2/9
  5926 | D:6      | Found a runed translucent door.
  5927 | D:6      | Noticed Crazy Yiuf
  6129 | D:6      | Identified the +2 mace of Hosuov {holy, rC+}
  6295 | D:5      | Reached skill level 1 in Air Magic
  6586 | D:5      | Killed a yak
  6587 | D:5      | Reached XP level 7. HP: 45/45 MP: 1/11
  6593 | D:5      | Killed a yak
  6690 | D:6      | Noticed Dowan
  6992 | D:6      | Noticed Grinder
  8585 | D:5      | Killed a yak
  8586 | D:5      | Reached skill level 5 in Poison Magic
  8586 | D:5      | Reached XP level 8. HP: 15/51 MP: 5/14
  8893 | D:7      | Noticed a wyvern
  8917 | D:7      | Found an iron altar of Okawaru.
  9347 | D:7      | Noticed a wyvern
  9358 | D:7      | Killed a wyvern
  9673 | D:7      | Reached skill level 5 in Spellcasting
  9779 | D:7      | Killed a wyvern
 10735 | D:8      | Found Bietsi Gotz's Armour Emporium.
 11036 | D:7      | Learned a level 3 spell: Gell's Gravitas
 11040 | D:7      | Learned a level 3 spell: Teleport Other
 11448 | D:8      | Reached skill level 1 in Translocations
 11448 | D:8      | Reached XP level 9. HP: 35/51 MP: 17/17
 12541 | D:8      | Found a shimmering blue altar of Sif Muna.
 12545 | D:8      | Identified the +2 leather armour "Movomp" {SInv}
 12776 | D:7      | Learned a level 3 spell: Frozen Ramparts
 12781 | D:7      | Learned a level 4 spell: Summon Ice Beast
 12986 | D:8      | HP: 1/57 [yak (12)]
 13601 | D:8      | Reached skill level 1 in Summonings
 13601 | D:8      | Reached skill level 1 in Ice Magic
 13948 | D:7      | Reached XP level 10. HP: 54/63 MP: 10/21
 14135 | D:9      | Reached skill level 5 in Air Magic
 14313 | D:9      | Found a staircase to the Orcish Mines.
 14317 | D:9      | Slain by a yak

Illustrated notes

Levels and vault maps discovered:
D:1:      eino_arrival_tree_alley, layout_basic, nicolae_titane
D:2:      layout_loops_cross, hellmonk_ecumenical_altar_zigzags,
          serial_bayou_crossing
D:3:      layout_loops_ring, zin_angel, vehumet_altar_wand_db, serial_shops,
          shop
D:4:      layout_basic, nicolae_gozag_cash_rules_everything_around_me,
          overflow_temple_1_default, minmay_temple_entry_gardened_gates,
          st_stairs_10, minmay_misc_feat_encased
D:5:      layout_basic, mainiacjoe_overflow_concentric_impassable
D:6:      layout_cave_pods, minmay_unpleasant_kobolds, uniq_crazy_yiuf_cottage,
          uniq_grinder, uniq_duvessa
D:7:      nicolae_whirlpool, layout_loops_corners, mainiacjoe_overflow_brackets,
          minivault_10
D:8:      layout_basic, mainiacjoe_overflow_alcove_4, serial_shops,
          nicolae_stop_n_shop_1, st_stairs_5
D:9:      layout_basic, nemelex_spade_bored_becter, zombieorc1_lemuel,
          nicolae_shop_vocational
Temple:   jpeg_temple_clearing

Skill      XL: |  1  2  3  4  5  6  7  8  9 10 |
---------------+-------------------------------+-----
Fighting       | 2 3 |  3.4
Spellcasting   | 1 2 3 4 5 7 |  7.6
Unarmed Combat | 1 2 3 4 |  4.3
Poison Magic   | 1 2 3 5 6 7 |  7.7
Throwing       | 1 2 |  2.0
Air Magic      | 1 2 3 4 5 |  5.1
Translocations | 1 2 |  2.2
Summonings     | 1 2 |  2.1
Ice Magic      | 1 2 |  2.0
Staves         | |  0.2
Dodging        | |  2.3
Stealth        | |  1.3
Evocations     | |  3.2

Action                   |  1- 3 |  4- 6 |  7- 9 | 10-12 || total
-------------------------+-------+-------+-------+-------++-------
Melee: Unarmed           |   112 |    92 |   107 |       ||   311
       Constrict         |    32 |    23 |    18 |     2 ||    75
       Club              |     4 |       |       |       ||     4
       Tentacles         |    26 |    22 |    45 |     1 ||    94
       Punch             |     3 |     1 |     7 |     1 ||    12
       Staff             |       |       |    27 |     3 ||    30
       Mace              |       |       |       |    17 ||    17
Throw: Dart              |       |    22 |     1 |       ||    23
 Cast: Poisonous Vapours |       |    24 |   118 |     8 ||   150
       Frozen Ramparts   |       |       |     1 |     1 ||     2
Evoke: Wand              |       |     9 |    10 |     3 ||    22
  Use: Scroll            |       |       |     2 |     1 ||     3
 Stab: Sleeping          |    13 |     5 |       |       ||    18
       Paralysed         |       |       |    24 |       ||    24
       Distracted        |       |       |     1 |       ||     1
Armor: Skin              |    11 |     8 |     7 |     1 ||    27
Dodge: Dodged            |    57 |    66 |   102 |    10 ||   235
